 Dungeon Crawl Stone Soup version 0.19.3-4-gbf9329e (webtiles) character file.

534 Alarkh the Chopper (level 7, -3/52 HPs)
             Began as a Demonspawn Monk on Jan 28, 2017.
             Slain by an iguana (7 damage)
             ... on level 4 of the Dungeon.
             The game lasted 00:04:47 (2924 turns).

Alarkh the Chopper (Demonspawn Monk)                Turns: 2924, Time: 00:04:48

Health: -3/52      AC: 11    Str: 12    XL:     7   Next: 4%
Magic:  7/7        EV: 11    Int: 13    God:
Gold:   177        SH:  0    Dex: 15    Spells: 0 memorised, 6 levels left

rFire  . . .     SeeInvis .     a - +0 hand axe (freeze)
rCold  + . .     Gourm    .     l - +5 ring mail {rC+}
rNeg   . . .     Faith    .     (no shield)
rPois  .         Spirit   .     (helmet restricted)
rElec  .         Reflect  .     s - +0 cloak
rCorr  .         Harm     .     (no gloves)
MR     .....     Rnd*Tele +     (no boots)
Stlth  +.........               (no amulet)
                                (no ring)
                                n - ring of teleportation (curse)

@: very slightly contaminated, hasted, very quick
A: antennae 1, powered by death 1, powered by pain 1
a: no special abilities


You were on level 4 of the Dungeon.
You were not hungry.

You visited 1 branch of the dungeon, and saw 4 of its levels.

You collected 177 gold pieces.

Inventory:

Hand Weapons
 a - a +0 hand axe of freezing (weapon)
 b - a +0 war axe
 f - a +0 hand axe
Armour
 h - a +0 robe
 l - a +5 ring mail of cold resistance (worn)
 s - a +0 cloak (worn)
Jewellery
 n - a cursed ring of teleportation (left hand)
Scrolls
 e - 4 scrolls of amnesia
 i - a scroll of enchant weapon {unknown}
 m - a scroll of noise {unknown}
 r - a scroll of remove curse {unknown}
 t - a scroll of fog {unknown}
 u - 2 scrolls of immolation {unknown}
Comestibles
 c - 3 bread rations
 d - 4 chunks of flesh
 g - 2 slices of pizza
 j - a meat ration
 p - a royal jelly
 q - 7 fruits


   Skills:
 - Level 3.0 Fighting
 + Level 7.4 Axes
 - Level 2.6 Dodging
 - Level 1.7 Stealth


You had 6 spell levels left.
You didn't know any spells.

Dungeon Overview and Level Annotations

Branches:
Dungeon (4/15)
 Temple: D:4-7

Altars:
Gozag
Nemelex Xobeh
Sif Muna
Uskayaw

Portals:
Ossuary: D:4

Annotations:
D:3 TuxedoFelix's ghost, amateur MiFi


Innate Abilities, Weirdness & Mutations

You have a pair of small antennae on your head.
You regenerate a little health from kills.
You sometimes gain a little power by taking damage.


Message History

You hit the ooze but do no damage. The iguana bites you!
* * * LOW HITPOINT WARNING * * *
Unknown command.
You barely miss the iguana.
The iguana is heavily wounded.
You hit the ooze. You freeze the ooze. The ooze closely misses you.
The iguana closely misses you.
Unknown command.
You closely miss the iguana.
The iguana is heavily wounded.
You hit the ooze. You freeze the ooze.
You kill the ooze!
Unknown command.
You hit the iguana. You freeze the iguana.
The iguana is severely wounded.
The iguana bites you but does no damage.
You hit the iguana but do no damage.
The iguana is severely wounded.
The iguana bites you!
You die...

...#..##@##.....###.##.#.###.#..
......#..##8...8##..o...........
......#..####>####......+... [.
###...##.###########....# #+#
########...##.#..###l...##
.'....#...)(...o..oo.....#
.#....#.......oo{{.......#
.####....#.>..ol####...#....
.##.############@.##...#####
)....# #†........# .....#
#.........# #...## #.........##
##### ########### # # # #


You could see an iguana, an orc wizard and 3 orcs.

Vanquished Creatures
  Sigmund (D:4)
  A centaur (D:4)
  A hound (D:4)
  An orc priest (D:3)
  A centaur skeleton (D:4)
  An orc wizard (D:3)
  Ijyb (D:2)
  6 adders
  2 oozes
  2 worms (D:2)
  3 dart slugs
  2 leopard geckos
  9 orcs
  6 giant cockroaches
  7 goblins
  5 hobgoblins
  4 jackals (D:1)
  4 kobolds
  4 quokkas
  A ball python (D:1)
  A bat (D:3)
  6 frilled lizards
  6 rats
75 creatures vanquished.

Notes
Turn   | Place    | Note
-------+----------+-------------------------------------------
     0 | D:1      | Alarkh the Demonspawn Monk began the quest for the Orb.
     0 | D:1      | Reached XP level 1. HP: 18/18 MP: 1/1
   109 | D:1      | Reached skill level 3 in Axes
   185 | D:1      | Gained mutation: You regenerate a little health from kills. [demonic ancestry]
   185 | D:1      | Reached XP level 2. HP: 13/24 MP: 2/2
   996 | D:2      | Reached XP level 3. HP: 28/29 MP: 3/3
  1014 | D:2      | Noticed Ijyb
  1047 | D:2      | Killed Ijyb
  1047 | D:2      | Reached skill level 4 in Axes
  1151 | D:2      | Noticed Sigmund
  1356 | D:2      | Gained mutation: You have a pair of small antennae on your head. [demonic ancestry]
  1356 | D:2      | Reached XP level 4. HP: 32/35 MP: 4/4
  1533 | D:2      | Found an opulent altar of Gozag.
  1874 | D:2      | Reached skill level 5 in Axes
  2372 | D:3      | Found a faded altar of an unknown god.
  2374 | D:3      | Reached XP level 5. HP: 41/41 MP: 5/5
  2672 | D:3      | Noticed TuxedoFelix's ghost (amateur MiFi)
  2688 | D:4      | Noticed a centaur
  2704 | D:4      | Reached skill level 6 in Axes
  2706 | D:4      | Killed a centaur
  2706 | D:4      | Reached XP level 6. HP: 24/47 MP: 6/6
  2796 | D:4      | Found a sand-covered staircase.
  2835 | D:4      | Found a hide-covered altar of Uskayaw.
  2839 | D:4      | Found a deep blue altar of Sif Muna.
  2855 | D:4      | Found a sparkling altar of Nemelex Xobeh.
  2862 | D:4      | Noticed a hand axe
  2863 | D:4      | Noticed a hand axe
  2911 | D:4      | Killed Sigmund
  2911 | D:4      | Reached skill level 7 in Axes
  2911 | D:4      | Gained mutation: You sometimes gain a little power by taking damage. [demonic ancestry]
  2911 | D:4      | Reached XP level 7. HP: 26/52 MP: 7/7
  2924 | D:4      | Slain by an iguana

Skill      XL: |  1  2  3  4  5  6 |
---------------+-------------------+-----
Axes           | 3 4 5 6 7 |  7.4
Fighting       | |  3.0
Dodging        | |  2.6
Stealth        | |  1.7

Action                   |  1- 3 |  4- 6 |  7- 9 || total
-------------------------+-------+-------+-------++-------
Melee: Hand axe          |   115 |   209 |    12 ||   336
  Use: Potion            |     3 |     1 |       ||     4
       Scroll            |       |     6 |       ||     6
 Stab: Sleeping          |     4 |     3 |       ||     7
  Eat: Chunk             |     1 |     6 |       ||     7
Armor: Robe              |    18 |     2 |       ||    20
       Ring mail         |       |    93 |     2 ||    95
Dodge: Dodged            |    65 |   111 |     6 ||   182
